BSA
SPRINGFIELD STARS @ SO CAL BRUINS
05/17/2028
 
TOP OF THE 1ST
Springfield Stars batting - Pitching for So Cal Bruins : RHP Flint Gray
Pitching: RHP Flint Gray
Batting: RHB Calvin Bennett 0-0: Foul Ball, location: 2F
0-1: Ball
1-1: Foul Ball, location: 2F
1-2: Ball
2-2: Ball
3-2: Ground out 6-3 (Groundball, 6)
Batting: RHB Juan Rodríguez 0-0: Ball
1-0: Called Strike
1-1: Called Strike
1-2: Ground out 6-3 (Groundball, 56)
Batting: LHB Derek Davidson 0-0: Ball
1-0: Called Strike
1-1: Ball
2-1: Ball
3-1: Base on Balls
Batting: SHB Shane Hutchinson 0-0: Ball
1-0: Foul Ball, location: 2F
1-1: Swinging Strike
1-2: Ground out U3 (Groundball, 3)
Top of the 1st over - 0 run(s), 0 hit(s), 0 error(s), 1 left on base; Springfield 0 - So Cal 0
BOTTOM OF THE 1ST
So Cal Bruins batting - Pitching for Springfield Stars : RHP Dae-ho Kim
Pitching: RHP Dae-ho Kim
Batting: LHB Jesús Campos 0-0: Called Strike
0-1: Foul Ball, location: 2F
0-2: Ball
1-2: Ball
2-2: Fly out, F9 (Flyball, 89M)
Batting: RHB William Richardson 0-0: Ball
1-0: Ball
2-0: Ground out 5-3 (Groundball, 56S)
Batting: LHB Kiyonaga Morita 0-0: Called Strike
0-1: Called Strike
0-2: Ball
1-2: Ball
2-2: Strikes out looking
Bottom of the 1st over - 0 run(s), 0 hit(s), 0 error(s), 0 left on base; Springfield 0 - So Cal 0
TOP OF THE 2ND
Springfield Stars batting - Pitching for So Cal Bruins : RHP Flint Gray
Batting: LHB Felipe Guerrero 0-0: Ball
1-0: Ball
2-0: Ball
3-0: Called Strike
3-1: Foul Ball, location: 2F
3-2: SINGLE (Line Drive, 8LS)
Batting: LHB Elliott Newell 0-0: Foul Ball, location: 2F
0-1: Ball
1-1: Swinging Strike
1-2: Foul Ball, location: 2F
1-2: Strikes out swinging
Batting: LHB Jesús Tobías 0-0: Called Strike
0-1: Ball
1-1: 2-RUN HOME RUN (Flyball, 9D), Distance : 369 ft
Batting: RHB Desi Thompson 0-0: Ball
1-0: Fly out, F9 (Flyball, 9)
Batting: RHB Will Sterling 0-0: Called Strike
0-1: SINGLE (Flyball, 8RS)
Batting: RHB Calvin Bennett 0-0: Called Strike
0-1: Ball
1-1: Ground out 1-3 (Groundball, 13)
Top of the 2nd over - 2 run(s), 3 hit(s), 0 error(s), 1 left on base; Springfield 2 - So Cal 0
BOTTOM OF THE 2ND
So Cal Bruins batting - Pitching for Springfield Stars : RHP Dae-ho Kim
Batting: RHB Earl Wiggins 0-0: SINGLE (Line Drive, 34D)
Batting: LHB César Valentín 0-0: Called Strike
0-1: Ball
1-1: Swinging Strike
1-2: Ball
2-2: Foul Ball, location: 2F
2-2: Ball
3-2: Base on Balls
Earl Wiggins to second
Batting: RHB Lawrence Schroeder 0-0: Ball
1-0: Called Strike
1-1: Foul Ball, location: 2F
1-2: Fly out, F8 (Flyball, 8RD)
Runner from 2nd tags up, SAFE at 3rd, no throw
Batting: LHB Phil Smith 0-0: Hit by Pitch
César Valentín to second
Batting: RHB Morgan Gibbon 0-0: Ball
1-0: Ball
2-0: Ball
3-0: Called Strike
3-1: Base on Balls
Earl Wiggins scores
César Valentín to third
Phil Smith to second
Batting: RHB Jonathan MacVey 0-0: Ball
1-0: Called Strike
1-1: GRAND SLAM HOME RUN (Flyball, 8LXD), Distance : 430 ft
Batting: LHB Jesús Campos 0-0: Ground out 4-3 (Groundball, 4)
Batting: RHB William Richardson 0-0: Fly out, F5 (Line Drive, 5S)
Bottom of the 2nd over - 5 run(s), 2 hit(s), 0 error(s), 0 left on base; Springfield 2 - So Cal 5
TOP OF THE 3RD
Springfield Stars batting - Pitching for So Cal Bruins : RHP Flint Gray
Batting: RHB Juan Rodríguez 0-0: Ball
1-0: Called Strike
1-1: SINGLE (Line Drive, 89S)
Batting: LHB Derek Davidson 0-0: Ball
1-0: Ball
2-0: Foul Ball, location: 2F
2-1: SINGLE (Groundball, 34S) (infield hit)
Juan Rodríguez to second
Batting: SHB Shane Hutchinson 0-0: Foul Ball, location: 2F
0-1: Called Strike
0-2: Ball
1-2: Ball
2-2: Ball
3-2: Base on Balls
Juan Rodríguez to third
Derek Davidson to second
Batting: LHB Felipe Guerrero 0-0: Foul Ball, location: 2F
0-1: Foul Ball, location: 2F
0-2: Ball
1-2: Foul Ball, location: 2F
1-2: Ball
2-2: Ball
3-2: Ground out 5-3 (Groundball, 56S)
Juan Rodríguez scores
Derek Davidson to third
Shane Hutchinson to second
Batting: LHB Elliott Newell 0-0: Ball
1-0: Fly out, F6 (Popup, 56D)
Batting: LHB Jesús Tobías 0-0: Ball
1-0: Ball
2-0: Ball
3-0: Called Strike
3-1: Called Strike
3-2: Foul Ball, location: 2F
3-2: Foul Ball, location: 2F
3-2: Base on Balls
Batting: RHB Desi Thompson 0-0: SINGLE (Line Drive, 34)
Derek Davidson scores
Shane Hutchinson to third
Jesús Tobías to second
Batting: RHB Will Sterling 0-0: Called Strike
0-1: Ball
1-1: Fly out, F8 (Line Drive, 8LD)
Top of the 3rd over - 2 run(s), 3 hit(s), 0 error(s), 3 left on base; Springfield 4 - So Cal 5
BOTTOM OF THE 3RD
So Cal Bruins batting - Pitching for Springfield Stars : RHP Dae-ho Kim
Batting: LHB Kiyonaga Morita 0-0: Ball
1-0: Ball
2-0: Ball
3-0: Base on Balls
Batting: RHB Earl Wiggins 0-0: Swinging Strike
0-1: Swinging Strike
0-2: Strikes out swinging
Batting: LHB César Valentín 0-0: Ball
1-0: Called Strike
1-1: Ball
2-1: Called Strike
2-2: Ball
3-2: Strikes out swinging
Batting: RHB Lawrence Schroeder 0-0: Called Strike
0-1: Ball
1-1: Ground out 5-3 (Groundball, 25)
Bottom of the 3rd over - 0 run(s), 0 hit(s), 0 error(s), 1 left on base; Springfield 4 - So Cal 5
TOP OF THE 4TH
Springfield Stars batting - Pitching for So Cal Bruins : RHP Flint Gray
Batting: RHB Calvin Bennett 0-0: Ball
1-0: Foul Ball, location: 2F
1-1: Fly out, F8 (Flyball, 8RM)
Batting: RHB Juan Rodríguez 0-0: Foul Ball, location: 2F
0-1: Ball
1-1: Fly out, F9 (Line Drive, 9)
Batting: LHB Derek Davidson 0-0: Ball
1-0: Called Strike
1-1: Ball
2-1: Foul Ball, location: 2F
2-2: SINGLE (Line Drive, 4M)
Batting: SHB Shane Hutchinson 0-0: Ball
Derek Davidson is caught stealing 2nd base
Top of the 4th over - 0 run(s), 1 hit(s), 0 error(s), 0 left on base; Springfield 4 - So Cal 5
BOTTOM OF THE 4TH
So Cal Bruins batting - Pitching for Springfield Stars : RHP Dae-ho Kim
Batting: LHB Phil Smith 0-0: Swinging Strike
0-1: Ball
1-1: Foul Ball, location: 2F
1-2: Foul Ball, location: 2F
1-2: Ball
2-2: SINGLE (Line Drive, 34D)
Batting: RHB Morgan Gibbon 0-0: Ball
1-0: Ball
2-0: SINGLE (Line Drive, 6MD)
Phil Smith to second
Batting: RHB Jonathan MacVey 0-0: Called Strike
0-1: Swinging Strike
0-2: Foul Ball, location: 2F
0-2: Foul Ball, location: 2F
0-2: Foul Ball, location: 2F
0-2: 3-RUN HOME RUN (Line Drive, 89XD), Distance : 409 ft
Pitching: RHP George Lockhart
Batting: LHB Jesús Campos 0-0: Called Strike
0-1: Ball
1-1: Foul Ball, location: 2F
1-2: Fly out, F8 (Flyball, 8RXD)
Batting: RHB William Richardson 0-0: Ball
1-0: Foul Ball, location: 2F
1-1: Ball
2-1: Ball
3-1: Foul Ball, location: 2F
3-2: Fly out, F9 (Flyball, 9LMF)
Batting: LHB Kiyonaga Morita 0-0: Ball
1-0: Foul Ball, location: 2F
1-1: Ball
2-1: Foul Ball, location: 2F
2-2: Strikes out looking
Bottom of the 4th over - 3 run(s), 3 hit(s), 0 error(s), 0 left on base; Springfield 4 - So Cal 8
TOP OF THE 5TH
Springfield Stars batting - Pitching for So Cal Bruins : RHP Flint Gray
Batting: SHB Shane Hutchinson 0-0: Ball
1-0: Foul Ball, location: 2F
1-1: Foul Ball, location: 2F
1-2: Foul Ball, location: 2F
1-2: Ball
2-2: Foul Ball, location: 2F
2-2: Ball
3-2: SINGLE (Flyball, 5D)
Batting: LHB Felipe Guerrero 0-0: Called Strike
0-1: Ball
1-1: 2-RUN HOME RUN (Flyball, 9D), Distance : 372 ft
Pitching: LHP Jim Sheppard
Batting: LHB Elliott Newell 0-0: Ground out 6-3 (Groundball, 6)
Batting: LHB Jesús Tobías 0-0: Ball
1-0: Foul Ball, location: 2F
1-1: Foul Ball, location: 2F
1-2: Strikes out looking
Batting: RHB Desi Thompson 0-0: Ball
1-0: Ball
2-0: Fly out, F8 (Flyball, 89XD)
Top of the 5th over - 2 run(s), 2 hit(s), 0 error(s), 0 left on base; Springfield 6 - So Cal 8
BOTTOM OF THE 5TH
So Cal Bruins batting - Pitching for Springfield Stars : RHP George Lockhart
Batting: RHB Earl Wiggins 0-0: Fly out, F6 (Popup, 56)
Batting: LHB César Valentín 0-0: Ball
1-0: Called Strike
1-1: Called Strike
1-2: DOUBLE (Flyball, 7LM)
Batting: RHB Lawrence Schroeder 0-0: Ball
1-0: Called Strike
1-1: Ball
2-1: Called Strike
2-2: Strikes out swinging
Batting: LHB Phil Smith 0-0: Ball
1-0: Swinging Strike
1-1: Fly out, F3 (Popup, 3L)
Bottom of the 5th over - 0 run(s), 1 hit(s), 0 error(s), 1 left on base; Springfield 6 - So Cal 8
TOP OF THE 6TH
Springfield Stars batting - Pitching for So Cal Bruins : LHP Jim Sheppard
Batting: RHB Will Sterling 0-0: Ball
1-0: Ball
2-0: SINGLE (Line Drive, 8LS)
Batting: RHB Calvin Bennett 0-0: Swinging Strike
0-1: Ball
1-1: Swinging Strike
1-2: Ball
2-2: SINGLE (Groundball, 56D)
Will Sterling to second
Batting: RHB Juan Rodríguez 0-0: Ball
1-0: Foul Ball, location: 2F
1-1: SINGLE (Line Drive, 9LS)
Will Sterling to third
Calvin Bennett to second
Batting: LHB Derek Davidson 0-0: Ball
1-0: Ball
2-0: Ball
3-0: Base on Balls
Will Sterling scores
Calvin Bennett to third
Juan Rodríguez to second
Batting: SHB Shane Hutchinson 0-0: Called Strike
0-1: Ball
1-1: Fly out, F8 (Flyball, 8LM)
Runner from 3rd tags up, SCORES, no throw
Batting: LHB Felipe Guerrero 0-0: Called Strike
0-1: Called Strike
0-2: Ball
1-2: Ball
2-2: Ball
3-2: Base on Balls
Juan Rodríguez to third
Derek Davidson to second
Batting: LHB Elliott Newell 0-0: Ball
1-0: Foul Ball, location: 2F
1-1: Ball
2-1: Swinging Strike
2-2: Ball
3-2: SINGLE (Groundball, 6MD)
Juan Rodríguez scores
Derek Davidson to third
Felipe Guerrero to second
Runner from 3rd tries for Home, SAFE, no throw
Pitching: LHP Jesús González
Batting: LHB Jesús Tobías 0-0: Swinging Strike
0-1: Foul Ball, location: 2F
0-2: Strikes out swinging
Batting: RHB Desi Thompson 0-0: Ball
1-0: Called Strike
1-1: Swinging Strike
1-2: Strikes out swinging
Top of the 6th over - 4 run(s), 4 hit(s), 0 error(s), 2 left on base; Springfield 10 - So Cal 8
BOTTOM OF THE 6TH
So Cal Bruins batting - Pitching for Springfield Stars : RHP George Lockhart
Batting: RHB Morgan Gibbon 0-0: Called Strike
0-1: Ball
1-1: Ball
2-1: Foul Ball, location: 2F
2-2: Foul Ball, location: 2F
2-2: Foul Ball, location: 2F
2-2: SOLO HOME RUN (Flyball, 7LD), Distance : 338 ft
Pitching: LHP Jorge Aybar
Batting: RHB Jonathan MacVey 0-0: Foul Ball, location: 2F
0-1: SINGLE (Groundball, 6D)
Batting: LHB Jesús Campos 0-0: Called Strike
0-1: Ball
1-1: Called Strike
1-2: SINGLE (Flyball, 6MD)
Jonathan MacVey to second
Batting: RHB William Richardson 0-0: Ball
1-0: Called Strike
1-1: Ball
2-1: Foul Ball, location: 2F
2-2: SINGLE (Groundball, 56D)
Jonathan MacVey to third
Jesús Campos to second
Runner from 3rd tries for Home, SAFE, throw made home
Jesús Campos to third
William Richardson to second
Batting: LHB Kiyonaga Morita 0-0: Ball
1-0: Ball
2-0: Ground out U3 (Groundball, 3L)
Batting: RHB Earl Wiggins 0-0: Ball
1-0: Ball
2-0: SINGLE (Groundball, 6MD) (infield hit)
Jesús Campos scores
William Richardson to third
Pitching: RHP José Valdéz
Batting: LHB César Valentín 0-0: Fly out, F7 (Flyball, 78D)
Runner from 3rd tags up, SCORES, no throw
Batting: RHB Lawrence Schroeder 0-0: Ground out 6-3 (Groundball, 56)
Bottom of the 6th over - 4 run(s), 5 hit(s), 0 error(s), 1 left on base; Springfield 10 - So Cal 12
TOP OF THE 7TH
Springfield Stars batting - Pitching for So Cal Bruins : LHP Jesús González
Batting: RHB Will Sterling 0-0: Ball
1-0: Ball
2-0: Called Strike
2-1: Ball
3-1: Swinging Strike
3-2: Base on Balls
Batting: RHB Calvin Bennett 0-0: Called Strike
0-1: Ball
1-1: Ball
2-1: Ball
3-1: Base on Balls
Will Sterling to second
Batting: RHB Juan Rodríguez 0-0: Ball
1-0: Foul Ball, location: 2F
1-1: Ball
2-1: Ball
3-1: Base on Balls
Will Sterling to third
Calvin Bennett to second
Batting: LHB Derek Davidson 0-0: Ball
1-0: Foul Ball, location: 2F
1-1: Foul Ball, location: 2F
1-2: Ball
2-2: Ball
3-2: SINGLE (Line Drive, 78S)
Will Sterling scores
Calvin Bennett to third
Juan Rodríguez to second
Batting: SHB Shane Hutchinson 0-0: Swinging Strike
0-1: Foul Ball, location: 2F
0-2: Ball
1-2: Strikes out swinging
Batting: LHB Felipe Guerrero 0-0: Swinging Strike
0-1: Ball
1-1: Foul Ball, location: 2F
1-2: Foul Ball, location: 2F
1-2: Ball
2-2: Ball
3-2: Fly out, F9 (Flyball, 9)
Runner from 3rd tags up, SCORES, no throw
Batting: LHB Elliott Newell 0-0: Called Strike
0-1: Foul Ball, location: 2F
0-2: Ball
1-2: Ball
2-2: SINGLE (Groundball, 56D)
Juan Rodríguez to third
Derek Davidson to second
Runner from 3rd tries for Home, SAFE, no throw
Pitching: RHP Jerry Good
Batting: LHB Jesús Tobías 0-0: Ball
1-0: Called Strike
1-1: Ball
2-1: Ball
3-1: Called Strike
3-2: Base on Balls
Derek Davidson to third
Elliott Newell to second
Batting: RHB Desi Thompson 0-0: Ball
1-0: Foul Ball, location: 2F
1-1: Ball
2-1: DOUBLE (Line Drive, 9LD)
Derek Davidson scores
Elliott Newell scores
Jesús Tobías to third
Runner from 3rd tries for Home, SAFE, no throw
Batting: RHB Will Sterling 0-0: SINGLE (Groundball, 56D)
Desi Thompson to third
Runner from 3rd tries for Home, throw and OUT!
Top of the 7th over - 6 run(s), 4 hit(s), 0 error(s), 1 left on base; Springfield 16 - So Cal 12
BOTTOM OF THE 7TH
So Cal Bruins batting - Pitching for Springfield Stars : RHP José Valdéz
Batting: LHB Phil Smith 0-0: Ball
1-0: Ball
2-0: Called Strike
2-1: Ground out 4-3 (Groundball, 4M)
Batting: RHB Morgan Gibbon 0-0: Ground out 6-3 (Groundball, 6)
Batting: RHB Jonathan MacVey 0-0: Swinging Strike
0-1: Swinging Strike
0-2: Foul Ball, location: 2F
0-2: Foul Ball, location: 2F
0-2: Ball
1-2: Ball
2-2: Strikes out swinging
Bottom of the 7th over - 0 run(s), 0 hit(s), 0 error(s), 0 left on base; Springfield 16 - So Cal 12
TOP OF THE 8TH
Springfield Stars batting - Pitching for So Cal Bruins : RHP Jerry Good
Batting: RHB Calvin Bennett 0-0: Reaches on Catchers interference
Batting: RHB Juan Rodríguez 0-0: Ball
1-0: Grounds into double play, 5-4-3 (Groundball, 56)
Batting: LHB Derek Davidson 0-0: Ball
1-0: Ball
2-0: Ball
3-0: Called Strike
3-1: Fly out, F7 (Flyball, 78S)
Top of the 8th over - 0 run(s), 0 hit(s), 1 error(s), 0 left on base; Springfield 16 - So Cal 12
BOTTOM OF THE 8TH
So Cal Bruins batting - Pitching for Springfield Stars : RHP José Valdéz
Batting: LHB Jesús Campos 0-0: Called Strike
0-1: Foul Ball, location: 2F
0-2: Ground out U3 (Groundball, 34)
Pitching: RHP Luis Cortéz
Batting: RHB William Richardson 0-0: Ball
1-0: Foul Ball, location: 2F
1-1: Fly out, F2 (Popup, 23)
Batting: LHB Kiyonaga Morita 0-0: Ball
1-0: Ball
2-0: Ball
3-0: Base on Balls
Batting: RHB Earl Wiggins 0-0: Called Strike
0-1: Foul Ball, location: 2F
0-2: Foul Ball, location: 2F
0-2: Foul Ball, location: 2F
0-2: Strikes out looking
Bottom of the 8th over - 0 run(s), 0 hit(s), 0 error(s), 1 left on base; Springfield 16 - So Cal 12
TOP OF THE 9TH
Springfield Stars batting - Pitching for So Cal Bruins : RHP Jerry Good
Batting: SHB Shane Hutchinson 0-0: Ball
1-0: Foul Ball, location: 2F
1-1: Called Strike
1-2: Ground out 4-3 (Groundball, 4D)
Pitching: RHP Kazuo Mochizuki
Batting: LHB Felipe Guerrero 0-0: Ball
1-0: Ball
2-0: Ball
3-0: Called Strike
3-1: Called Strike
3-2: Fly out, F7 (Flyball, 78S)
Batting: LHB Elliott Newell 0-0: Called Strike
0-1: SINGLE (Line Drive, 89S)
Batting: LHB Jesús Tobías 0-0: Ball
Elliott Newell is caught stealing 2nd base
Top of the 9th over - 0 run(s), 1 hit(s), 0 error(s), 0 left on base; Springfield 16 - So Cal 12
BOTTOM OF THE 9TH
So Cal Bruins batting - Pitching for Springfield Stars : RHP Luis Cortéz
Batting: LHB César Valentín 0-0: Ball
1-0: Ground out 5-3 (Groundball, 56S)
Batting: RHB Lawrence Schroeder 0-0: Ball
1-0: Ball
2-0: Fly out, F6 (Popup, 5D)
Batting: LHB Phil Smith 0-0: Foul Ball, location: 2F
0-1: Foul Ball, location: 2F
0-2: Ball
1-2: Ground out U3 (Groundball, 3)
Bottom of the 9th over - 0 run(s), 0 hit(s), 0 error(s), 0 left on base; Springfield 16 - So Cal 12
Tuesday, August 8th, 2017 - OOTP Baseball 17.12 Build 75